Map: [G8] Gresvan

Players

Solar - Winner!

  • Race: Zerg Zerg
  • Spawn Location: 11:00

Oliveira

  • Race: Terran Terran
  • Spawn Location: 5:00

Event: Gamers8 2023

VOD

Have the link to the VOD?

Description

Time

  • Played on: Aug. 3, 2023, 8:38 a.m.
  • Length: 16:08

All games in this series

Show
View Real Time Build Order
Export as new Build Order

Solar Zerg - Winner!

Build Orders: Hatch First, Lurkers 

Get SALT Encoding   

  12  0:00  Drone  
  13  0:12  Overlord  
  13  0:17  Drone  
  14  0:31  Drone x2  
  16  0:47  Hatchery  
  15  0:50  Drone  
  15  0:53  Drone  
  17  0:57  Drone  
  18  1:09  Extractor  
  17  1:12  Spawning Pool  
  17  1:15  Drone  
  17  1:18  Drone  
  18  1:28  Drone  
  19  1:39  Drone  
  20  1:50  Drone  
  21  1:59  Queen x2  
  21  2:00  Zergling x4  
  27  2:10  Zergling x2  
  27  2:11  Overlord  
  28  2:19  Metabolic Boost  
  28  2:30  Hatchery  
  28  2:31  Zergling x2  
  28  2:33  Drone  
  29  2:41  Queen  
  31  2:44  Drone  
  31  2:49  Overlord  
  32  2:52  Drone  
  32  2:57  Zergling x4  
  35  2:59  Drone  
  35  3:07  Drone  
  35  3:09  Drone x4  
  39  3:15  Drone  
  40  3:20  Queen  
  40  3:25  Spore Crawler  
  41  3:27  Drone  
  41  3:31  Overlord  
  43  3:39  Overlord  
  43  3:43  Queen  
  43  3:45  Queen  
  47  3:48  Drone  
  47  3:49  Drone x2  
  47  3:53  Drone x2  
  47  3:55  Drone  
  53  3:57  Drone x2  
  53  3:59  Drone  
  56  4:03  Drone x2  
  56  4:05  Drone  
  59  4:11  Overlord  
  59  4:12  Drone x2  
  61  4:20  Drone x2  
  61  4:21  Queen  
  65  4:27  Overlord  
  65  4:29  Queen, Extractor  
  65  4:30  Drone x2  
  65  4:31  Drone  
  69  4:33  Drone  
  69  4:36  Baneling Nest  
  69  4:39  Overlord  
  69  4:41  Drone x4  
  69  4:43  Drone  
  74  4:47  Drone x2  
  76  4:53  Overlord  
  76  4:54  Overlord  
  76  4:55  Zergling x8  
  76  4:59  Drone x2  
  82  5:03  Overlord  
  82  5:06  Extractor  
  81  5:07  Lair  
  81  5:08  Overlord  
  81  5:10  Spore Crawler  
  81  5:11  Zergling x6  
  81  5:14  Queen  
  82  5:18  Drone x2  
  82  5:19  Drone  
  87  5:25  Zergling x4  
  89  5:28  Overlord  
  89  5:30  Drone x3  
  89  5:31  Drone  
  89  5:33  Spore Crawler  
  89  5:34  Spore Crawler, Drone x2  
  94  5:42  Drone  
  94  5:43  Hatchery  
  94  5:46  Evolution Chamber x2, Drone  
  94  5:47  Extractor, Drone  
  94  5:48  Extractor  
  94  5:49  Drone x2  
  93  5:50  Drone  
  93  5:52  Baneling x2  
  93  5:53  Baneling  
  93  5:55  Drone x2  
  96  5:58  Drone x2  
  98  6:05  Overlord  
  98  6:06  Zergling x8  
  98  6:09  Drone x3  
  89  6:12  Centrifugal Hooks  
  89  6:16  Drone  
  90  6:19  Drone x2  
  90  6:21  Zerg Melee Weapons Level 1  
  90  6:25  Zerg Ground Armor Level 1, Drone  
  91  6:27  Drone  
  91  6:28  Drone  
  91  6:30  Drone  
  91  6:31  Drone  
  94  6:33  Drone  
  94  6:39  Zergling x2  
  97  6:40  Zergling x2  
  97  6:43  Hydralisk Den, Drone x2  
  97  6:44  Drone  
  97  6:46  Zergling x6  
  102  6:49  Baneling  
  102  6:50  Overseer, Baneling x5  
  102  6:51  Drone  
  102  6:52  Drone  
  104  6:56  Drone  
  104  6:57  Queen  
  104  6:59  Drone  
  104  7:00  Drone  
  109  7:02  Drone x2  
  109  7:03  Zergling x2  
  109  7:04  Zergling x2  
  109  7:06  Zergling x2  
  109  7:07  Zergling x2  
  114  7:13  Drone x5  
  114  7:15  Muscular Augments  
  119  7:17  Overlord x2  
  119  7:19  Zergling x2  
  119  7:22  Baneling x3  
  119  7:24  Drone x3  
  122  7:30  Drone  
  122  7:32  Drone  
  122  7:35  Hydralisk  
  122  7:36  Hydralisk x2  
  128  7:37  Extractor  
  128  7:38  Zergling x4  
  128  7:40  Overlord  
  128  7:43  Hatchery  
  130  7:44  Baneling x2  
  130  7:45  Zergling x4  
  132  7:52  Overlord, Drone  
  132  7:53  Drone x2  
  132  7:55  Hydralisk x3  
  132  7:57  Baneling x2  
  141  7:58  Zergling x2  
  141  7:59  Zergling x12  
  141  8:01  Drone  
  141  8:02  Zergling x4, Drone  
  152  8:07  Overlord x2  
  147  8:14  Zergling x4  
  147  8:16  Infestation Pit  
  148  8:22  Baneling x5  
  148  8:23  Zergling x20  
  148  8:26  Grooved Spines  
  158  8:27  Drone x2  
  158  8:28  Overlord, Hydralisk x2  
  158  8:29  Extractor  
  163  8:37  Zergling x2  
  163  8:38  Zergling x6  
  163  8:41  Zerg Ground Armor Level 2  
  163  8:42  Zerg Melee Weapons Level 2  
  163  8:49  Zergling x2  
  163  8:50  Zergling x6  
  163  8:53  Zergling x22  
  178  8:57  Baneling, Hive  
  178  8:58  Baneling x7  
  178  9:01  Lurker Den, Drone x2  
  179  9:04  Drone x3  
  179  9:06  Overlord  
  179  9:07  Drone  
  183  9:11  Zergling x6  
  186  9:21  Baneling x14  
  186  9:22  Overlord  
  185  9:25  Zergling x8  
  185  9:28  Hydralisk x3  
  194  9:33  Zergling x6  
  197  9:38  Hatchery  
  197  9:39  Overlord  
  197  9:42  Zergling x8  
  197  9:45  Zergling x2  
  199  10:09  Adrenal Glands  
  199  10:10  Seismic Spines  
  199  10:11  Viper  
  199  10:20  Zergling x14  
  199  10:21  Zergling x2  
  199  10:22  Pneumatized Carapace  
  198  10:30  Zergling x4  
  198  10:31  Hatchery  
  198  10:35  Zergling x4  
  200  10:40  Zergling x16  
  200  10:42  Zergling x12  
  196  10:44  Zergling x12  
  196  10:46  Zergling x8  
  197  10:50  Baneling x14  
  197  10:52  Overlord  
  197  10:55  Overlord x2  
  197  10:56  Overlord  
  195  10:58  Hatchery, Zerg Missile Weapons Level 1  
  195  10:59  Baneling  
  195  11:00  Baneling  
  191  11:05  Overlord  
  191  11:07  Adaptive Talons  
  191  11:09  Overlord  
  190  11:14  Zergling x6  
  190  11:18  Hydralisk x4  
  191  11:23  Zergling x2  
  197  11:26  Baneling x7  
  197  11:27  Zergling x6  
  199  11:33  Zerg Ground Armor Level 3  
  199  11:36  Zergling x12  
  199  11:38  Baneling x6  
  199  11:39  Zergling x6  
  199  11:43  Zergling x4  
  189  11:52  Lurker x9  
  197  11:56  Zergling x6  
  199  12:01  Zergling x2  
  199  12:02  Zergling x2  
  199  12:05  Overseer  
  199  12:09  Nydus Network  
  199  12:11  Zergling x8  
  189  12:15  Zergling x14  
  189  12:19  Drone, Hydralisk  
  189  12:22  Hatchery, Hydralisk  
  197  12:23  Spore Crawler  
  194  12:30  Zergling x12  
  194  12:35  Zergling x2  
  200  12:51  Extractor  
  199  12:52  Zerg Melee Weapons Level 3  
  198  13:08  Nydus Canal  
  198  13:17  Zergling x14  
  200  13:29  Zergling x4  
  200  13:33  Zergling x8  
  200  13:36  Nydus Canal  
  200  13:37  Zergling x2  
  200  13:38  Zergling x2  
  198  13:42  Zergling x10  
  198  13:53  Nydus Canal  
  198  13:54  Zergling x2  
  199  14:08  Zergling x2  
  197  14:10  Hydralisk x2  
  197  14:14  Zergling x32  
  184  14:19  Hydralisk x3  
  184  14:20  Zergling x22  
  184  14:22  Nydus Canal  
  185  14:25  Zergling x16  
  185  14:28  Zergling x10  
  185  14:30  Zergling x2  
  199  14:37  Overseer  
  199  14:38  Zergling x2, Nydus Canal  
  199  14:39  Zergling x2  
  199  14:40  Zergling x6  
  199  14:42  Hatchery  
  199  14:43  Hatchery, Zergling x2  
  199  14:44  Zergling x2  
  200  14:47  Baneling x18  
  200  14:57  Nydus Canal  
  191  15:18  Zergling x36  
  191  15:20  Zergling x16  
  165  15:23  Hydralisk x3  
  165  15:24  Hydralisk x3  
  165  15:25  Zergling x2  
  165  15:26  Baneling x8  
  165  15:27  Overseer  
  169  15:29  Zergling x10  
  169  15:30  Nydus Canal, Hydralisk x4  
  169  15:35  Zergling x2  
  183  15:39  Zergling x2  
  183  15:41  Baneling x13  
  184  15:46  Zergling x10  
  199  16:00  Nydus Canal  
Show
View Real Time Build Order
Export as new Build Order

Oliveira Terran 

Build Orders:  

Get SALT Encoding   

  12  0:00  SCV  
  13  0:12  SCV  
  14  0:17  Supply Depot  
  14  0:24  SCV  
  15  0:39  SCV  
  15  0:41  Barracks  
  16  0:44  Refinery  
  16  0:51  SCV  
  17  1:00  Barracks  
  17  1:03  SCV  
  18  1:15  SCV  
  19  1:28  Reaper  
  19  1:29  Orbital Command  
  19  1:31  Supply Depot  
  20  1:47  Reaper  
  21  1:55  SCV  
  22  2:05  Reaper  
  22  2:08  Command Center  
  23  2:11  SCV  
  24  2:18  Refinery  
  24  2:23  SCV  
  25  2:35  SCV  
  26  2:44  Factory  
  26  2:48  SCV  
  27  2:52  Barracks Tech Lab  
  27  2:57  Barracks Reactor  
  27  3:00  SCV  
  28  3:12  Marine, SCV  
  29  3:16  Command Center  
  30  3:22  Orbital Command  
  30  3:25  SCV  
  31  3:31  Starport, Factory Reactor  
  30  3:34  Marine  
  30  3:37  SCV  
  30  3:38  Marine  
  32  3:49  Stimpack  
  32  3:50  SCV x2  
  32  3:52  Marine  
  34  3:56  Marine  
  34  3:59  Marine  
  37  4:02  SCV  
  37  4:03  SCV  
  37  4:08  Widow Mine x2  
  42  4:11  Medivac  
  42  4:15  SCV  
  46  4:19  SCV  
  46  4:27  SCV  
  46  4:28  Marine x3, Orbital Command  
  46  4:30  Widow Mine x2  
  54  4:31  SCV  
  54  4:34  Supply Depot  
  55  4:39  SCV  
  55  4:43  SCV  
  57  4:46  Marine x2  
  57  4:50  Marine, Engineering Bay  
  57  4:51  SCV, Engineering Bay  
  61  4:55  Orbital Command  
  61  5:02  Factory Tech Lab  
  61  5:03  SCV  
  61  5:05  Refinery, Supply Depot  
  61  5:06  Medivac, Refinery  
  64  5:08  Medivac, Marine  
  64  5:09  SCV  
  64  5:13  Supply Depot  
  68  5:16  SCV  
  69  5:21  Terran Infantry Weapons Level 1  
  69  5:25  Barracks  
  69  5:27  Marine x2, SCV x2  
  73  5:32  SCV  
  73  5:33  Marine  
  75  5:36  Terran Infantry Armor Level 1  
  75  5:39  SCV  
  75  5:40  SCV  
  77  5:44  SCV  
  77  5:45  Marine x2  
  77  5:49  Starport Reactor  
  80  5:51  Marine, SCV  
  80  5:52  SCV  
  80  5:56  Barracks, Combat Shield  
  80  5:57  Barracks, SCV  
  83  6:01  Supply Depot  
  83  6:02  Marine  
  85  6:16  Marine  
  85  6:20  Supply Depot  
  85  6:23  Siege Tank, Marine x2, SCV x3  
  93  6:28  Supply Depot  
  93  6:31  Marine  
  92  6:36  SCV  
  92  6:38  Command Center  
  92  6:39  SCV  
  86  6:40  Marine  
  86  6:41  SCV  
  86  6:44  Barracks Reactor x2  
  86  6:45  Armory  
  86  6:46  Marine  
  87  6:48  SCV  
  87  6:49  Refinery  
  87  6:50  Factory  
  87  6:51  Supply Depot  
  87  6:52  Marine x2  
  87  6:53  SCV x2  
  92  6:57  Medivac  
  92  6:59  Siege Tank  
  92  7:00  Marine  
  98  7:03  Medivac, SCV  
  98  7:07  Refinery  
  101  7:09  Marine x2  
  101  7:10  Marine, SCV  
  101  7:13  SCV  
  101  7:15  SCV  
  106  7:17  Marine  
  106  7:18  Marine, Supply Depot  
  108  7:24  Marine x2  
  108  7:25  Marine x2  
  108  7:27  Marine  
  108  7:28  SCV  
  114  7:32  Terran Infantry Weapons Level 2  
  114  7:33  Terran Infantry Armor Level 2  
  114  7:34  SCV  
  114  7:36  SCV  
  116  7:41  Terran Vehicle Weapons Level 1  
  116  7:42  Marine, SCV  
  118  7:44  Factory Tech Lab  
  118  7:46  Siege Tank, Marine  
  118  7:47  SCV  
  118  7:48  Marine  
  118  7:49  SCV  
  125  7:53  Marine x2  
  125  7:54  Marine x2  
  125  7:58  SCV  
  130  7:59  SCV, Supply Depot  
  130  8:04  Siege Tank, Supply Depot  
  134  8:08  Marine x2  
  134  8:09  SCV  
  134  8:10  SCV  
  138  8:14  Marine x3  
  138  8:18  Planetary Fortress  
  140  8:20  Marine x3  
  140  8:21  Marine, Supply Depot  
  140  8:25  Siege Tank  
  140  8:26  SCV x2  
  149  8:27  SCV  
  149  8:30  Supply Depot  
  149  8:31  Marine  
  151  8:37  Marine  
  151  8:38  SCV  
  151  8:41  Marine x3  
  153  8:42  Marine x2  
  153  8:43  Siege Tank  
  153  8:44  SCV  
  153  8:45  SCV  
  153  8:46  Marine, Supply Depot  
  164  8:52  Medivac  
  164  8:53  Medivac, Marine  
  164  8:55  Sensor Tower  
  169  8:57  Supply Depot  
  169  8:58  Marine  
  169  9:00  Marine x2  
  172  9:07  Siege Tank, Marine x3  
  178  9:10  Sensor Tower, Supply Depot  
  178  9:15  Marine  
  178  9:30  Marine x4  
  182  9:31  Siege Tank  
  182  9:32  Marine  
  182  9:35  Marine  
  187  9:39  Command Center  
  187  9:41  Barracks x2  
  187  9:42  Barracks  
  187  9:54  Marine  
  187  9:56  Marine  
  187  9:58  Siege Tank  
  192  10:02  Marine x2  
  192  10:04  Marine  
  195  10:15  Marine  
  195  10:19  Marine  
  195  10:20  Marine x2  
  196  10:23  Terran Infantry Armor Level 3, Terran Infantry Weapons Level 3  
  196  10:24  Terran Vehicle Weapons Level 2  
  196  10:37  Marine x5  
  196  10:41  Marine x2  
  196  10:42  Marine  
  180  10:58  Command Center  
  180  11:01  Ghost Academy, Barracks Tech Lab x2  
  180  11:04  Command Center  
  180  11:06  Command Center  
  179  11:25  Orbital Command  
  177  11:36  Marine x2  
  177  11:37  Marine  
  177  11:39  Marine x2  
  173  11:41  Marine  
  173  11:44  Marine  
  173  11:45  Marine x2, Ghost  
  173  11:46  Marine  
  173  12:09  Medivac x2, Siege Tank x2, Planetary Fortress, Ghost x2, SCV  
  173  12:14  Supply Depot  
  173  12:15  Marine, Ghost, SCV, Supply Depot  
  188  12:16  SCV, Infernal Pre-Igniter  
  188  12:19  Factory, Orbital Command  
  181  12:30  Barracks Tech Lab  
  181  12:33  SCV  
  181  12:35  Sensor Tower  
  182  12:37  Ghost x2  
  182  12:39  Medivac  
  182  12:42  Terran Vehicle Weapons Level 3  
  182  12:43  Ghost  
  182  12:44  Siege Tank x2  
  195  12:57  SCV  
  196  13:00  Sensor Tower, Refinery  
  196  13:06  Ghost  
  196  13:08  Refinery, Missile Turret  
  196  13:09  Missile Turret  
  198  13:20  Factory Reactor  
  198  13:34  Planetary Fortress  
  198  13:43  Siege Tank  
  198  13:50  SCV  
  199  14:01  Marine  
  200  14:04  SCV  
  183  14:14  Siege Tank, Ghost  
  183  14:15  Marine x2  
  183  14:16  Hellion x2  
  169  14:20  Siege Tank  
  169  14:21  SCV x2  
  169  14:23  Marine x2  
  169  14:24  Marine  
  164  14:31  Ghost x2  
  167  14:41  Hellion x2  
  167  14:44  SCV x2  
  168  14:46  Ghost x2  
  168  14:48  Siege Tank  
  168  14:49  Viking x2  
  168  14:51  SCV  
  179  14:57  Command Center  
  178  15:02  Siege Tank  
  178  15:04  Ghost x2  
  178  15:06  Hellion  
  178  15:07  Hellion  
  143  15:21  Siege Tank  
  143  15:22  Marine x3  
  143  15:23  Marine x2  
  143  15:24  Marauder, SCV x2  
  143  15:25  Command Center  
  143  15:26  Marine x2  
  155  15:30  SCV  
  155  15:32  Command Center  
  155  15:33  Hellion x2  
  160  15:42  SCV x2  
Tags
 
Composition
Lurkers
Matchup
TvZ
Spawn Locations
Cross Positions
Add a new tag
Caveats
  • Supply blocks, unpowered buildings, or Contaminate may cause inaccurate times.
  • Supply counts are checked every 10 seconds.